TOP OF THE 1ST |
Kingsport Mets batting - Pitching for San Diego (APP) Padres : LHP Cory Watson
|
Pitching: LHP Cory Watson
|
|
Batting: RHB Enrique Aguirre
|
0-0: Fly out, F7 (Flyball, 7, EV 88.8 MPH)
|
Batting: RHB Artyom Shavkunov
|
0-0: Swinging Strike 0-1: Ball 1-1: Foul Ball, location: 2F 1-2: Ground out 5-3 (Groundball, 56, EV 83.1 MPH)
|
Batting: SHB Tyler Maddux
|
0-0: SOLO HOME RUN (Flyball, 7LD, EV 94.4 MPH), Distance : 358 ft
|
Batting: SHB Nick Daigle
|
0-0: Ball 1-0: Ball 2-0: Called Strike 2-1: Swinging Strike 2-2: Ball 3-2: Strikes out swinging
|
Top of the 1st over - 1 run, 1 hit, 0 errors, 0 left on base; Kingsport 1 - San Diego (APP) 0 |
BOTTOM OF THE 1ST |
San Diego (APP) Padres batting - Pitching for Kingsport Mets : LHP Pedro Botello
|
Pitching: LHP Pedro Botello
|
|
Batting: RHB Elias Vences
|
0-0: Ball 1-0: Foul Ball, location: 2F 1-1: Ball 2-1: Foul Ball, location: 2F 2-2: Ground out 4-3 (Groundball, 4S, EV 71.2 MPH)
|
Batting: RHB Victor Contreras
|
0-0: Called Strike 0-1: Ball 1-1: Swinging Strike 1-2: Strikes out swinging
|
Batting: RHB Yuusei Narita
|
0-0: Fly out, F9 (Flyball, 9D, EV 99.4 MPH)
|
Bottom of the 1st over - 0 runs, 0 hits, 0 errors, 0 left on base; Kingsport 1 - San Diego (APP) 0 |
TOP OF THE 2ND |
Kingsport Mets batting - Pitching for San Diego (APP) Padres : LHP Cory Watson
|
Batting: RHB Bill Crogan
|
0-0: Ball 1-0: Ball 2-0: Ball 3-0: Called Strike 3-1: Foul Ball, location: 2F 3-2: Fly out, F9 (Flyball, 9D, EV 102.5 MPH)
|
Batting: RHB Sam Callahan
|
0-0: Swinging Strike 0-1: Swinging Strike 0-2: Strikes out looking
|
Batting: RHB Chris Artz
|
0-0: Called Strike 0-1: Ground out 3-1 (Groundball, 34D, EV 105.6 MPH)
|
Top of the 2nd over - 0 runs, 0 hits, 0 errors, 0 left on base; Kingsport 1 - San Diego (APP) 0 |
BOTTOM OF THE 2ND |
San Diego (APP) Padres batting - Pitching for Kingsport Mets : LHP Pedro Botello
|
Batting: RHB Devon Dill
|
0-0: Ball 1-0: Called Strike 1-1: Swinging Strike 1-2: Ball 2-2: Foul Ball, location: 2F 2-2: Foul Ball, location: 2F 2-2: Ball 3-2: SINGLE (Groundball, 56, EV 101.9 MPH)
|
Batting: LHB Justin Daley
|
0-0: Called Strike 0-1: Ball 1-1: Ball Wild Pitch! Devon Dill to second 2-1: Ball 3-1: Foul Ball, location: 2F 3-2: Ground out 2-3 (Groundball, 13S, EV 66.9 MPH) Devon Dill to third
|
Batting: RHB Alex Collazo
|
0-0: Ball 1-0: Ball Wild Pitch! Devon Dill scores 2-0: SINGLE (Groundball, 6MD, EV 103.1 MPH)
|
Batting: LHB Dean Luttman
|
0-0: 2-RUN HOME RUN (Flyball, 9D, EV 98.1 MPH), Distance : 381 ft
|
Batting: RHB Kevin Davis
|
0-0: Foul Ball, location: 2F 0-1: Ball 1-1: Ball 2-1: Foul Ball, location: 2F 2-2: DOUBLE (Line Drive, 9LM, EV 104.4 MPH)
|
Batting: SHB Yu-hsui Lew
|
0-0: Swinging Strike 0-1: Foul Ball, location: 2F 0-2: Ball 1-2: Strikes out swinging
|
Batting: RHB Elias Vences
|
0-0: Ball 1-0: Called Strike 1-1: Foul Ball, location: 2F 1-2: Ball 2-2: Ball 3-2: Foul Ball, location: 2F 3-2: Fly out, F6 (Popup, 56, EV 60.0 MPH)
|
Bottom of the 2nd over - 3 runs, 4 hits, 0 errors, 1 left on base; Kingsport 1 - San Diego (APP) 3 |
TOP OF THE 3RD |
Kingsport Mets batting - Pitching for San Diego (APP) Padres : LHP Cory Watson
|
Batting: SHB Adonis Jones
|
0-0: Ball 1-0: Foul Ball, location: 2F 1-1: Ball 2-1: Ground out 4-3 (Groundball, 4, EV 103.1 MPH)
|
Batting: SHB Josh Thomson
|
0-0: Ball 1-0: Swinging Strike 1-1: Ball 2-1: Foul Ball, location: 2F 2-2: Foul Ball, location: 2F 2-2: Ball 3-2: Foul Ball, location: 2F 3-2: SINGLE (Groundball, 56D, EV 99.4 MPH)
|
Batting: RHB Enrique Aguirre
|
0-0: Ball Wild Pitch! Josh Thomson to second 1-0: Called Strike 1-1: Called Strike 1-2: Ball 2-2: Ball 3-2: Strikes out looking
|
Batting: RHB Artyom Shavkunov
|
0-0: Foul Ball, location: 2F 0-1: Ball 1-1: Ball 2-1: SINGLE (Line Drive, 9S, EV 105.0 MPH) Josh Thomson to third
|
Batting: SHB Tyler Maddux
|
0-0: Called Strike 0-1: Swinging Strike 0-2: Ball 1-2: DOUBLE (Line Drive, 89XD, EV 110.0 MPH) Josh Thomson scores Artyom Shavkunov to third
|
Batting: SHB Nick Daigle
|
0-0: Called Strike 0-1: Ball Wild Pitch! Artyom Shavkunov scores Tyler Maddux to third 1-1: Ball 2-1: Foul Ball, location: 2F Balk! Tyler Maddux scores 2-2: Foul Ball, location: 2F 2-2: Ball 3-2: Foul Ball, location: 2F 3-2: Strikes out swinging
|
Top of the 3rd over - 3 runs, 3 hits, 0 errors, 0 left on base; Kingsport 4 - San Diego (APP) 3 |
BOTTOM OF THE 3RD |
San Diego (APP) Padres batting - Pitching for Kingsport Mets : LHP Pedro Botello
|
Batting: RHB Victor Contreras
|
0-0: Called Strike 0-1: Foul Ball, location: 2F 0-2: Ball 1-2: SINGLE (Groundball, 5S, EV 65.0 MPH) (infield hit)
|
Batting: RHB Yuusei Narita
|
0-0: Fielders Choice at 2nd, 3-6 (Groundball, 3S, EV 85.6 MPH)
|
Batting: RHB Devon Dill
|
0-0: Called Strike 0-1: Ball 1-1: Ball 2-1: Ball 3-1: Called Strike 3-2: Base on Balls Yuusei Narita to second
|
Batting: LHB Justin Daley
|
0-0: Called Strike 0-1: Swinging Strike 0-2: Ball 1-2: Foul Ball, location: 2F 1-2: Ball 2-2: Foul Ball, location: 2F 2-2: Ball Wild Pitch! Yuusei Narita to third Devon Dill to second 3-2: Foul Ball, location: 2F 3-2: Base on Balls
|
Batting: RHB Alex Collazo
|
0-0: Ball 1-0: Foul Ball, location: 2F 1-1: Swinging Strike 1-2: Strikes out swinging
|
Batting: LHB Dean Luttman
|
0-0: Ball 1-0: Reached on error, E3 (Groundball, 3, EV 103.8 MPH) Yuusei Narita scores Devon Dill to third Justin Daley to second
|
Batting: RHB Kevin Davis
|
0-0: Called Strike 0-1: SINGLE (Groundball, 56D, EV 106.2 MPH) Devon Dill scores Justin Daley to third Dean Luttman to second Runner from 3rd tries for Home, throw by LF and OUT! 7-2
|
Bottom of the 3rd over - 2 runs, 2 hits, 1 error, 2 left on base; Kingsport 4 - San Diego (APP) 5 |
TOP OF THE 4TH |
Kingsport Mets batting - Pitching for San Diego (APP) Padres : LHP Cory Watson
|
Batting: RHB Bill Crogan
|
0-0: Called Strike 0-1: Swinging Strike 0-2: Ball 1-2: SINGLE (Flyball, 4D, EV 90.0 MPH)
|
Batting: RHB Sam Callahan
|
0-0: Swinging Strike 0-1: Called Strike 0-2: Strikes out swinging
|
Batting: RHB Chris Artz
|
0-0: Swinging Strike 0-1: Ball 1-1: Called Strike 1-2: Foul Ball, location: 2F 1-2: Strikes out swinging
|
Batting: SHB Adonis Jones
|
0-0: Called Strike 0-1: Ball 1-1: Called Strike 1-2: Ball 2-2: Ball 3-2: Base on Balls Bill Crogan to second
|
Batting: SHB Josh Thomson
|
0-0: Ball 1-0: Ball 2-0: Ball 3-0: Called Strike 3-1: Base on Balls Bill Crogan to third Adonis Jones to second
|
Batting: RHB Enrique Aguirre
|
0-0: Ball 1-0: Called Strike 1-1: Fly out, F9 (Flyball, 9, EV 80.6 MPH)
|
Top of the 4th over - 0 runs, 1 hit, 0 errors, 3 left on base; Kingsport 4 - San Diego (APP) 5 |
BOTTOM OF THE 4TH |
San Diego (APP) Padres batting - Pitching for Kingsport Mets : LHP Pedro Botello
|
Pitching: RHP Ruben Lozano
|
|
Batting: SHB Yu-hsui Lew
|
0-0: Called Strike 0-1: Ball 1-1: Ball 2-1: Fly out, F7 (Flyball, 7, EV 92.5 MPH)
|
Batting: RHB Elias Vences
|
0-0: Called Strike 0-1: Ball 1-1: Called Strike 1-2: Ground out 6-3 (Groundball, 6, EV 105.0 MPH)
|
Batting: RHB Victor Contreras
|
0-0: Swinging Strike 0-1: Ball 1-1: Swinging Strike 1-2: Foul Ball, location: 2F 1-2: Strikes out swinging
|
Bottom of the 4th over - 0 runs, 0 hits, 0 errors, 0 left on base; Kingsport 4 - San Diego (APP) 5 |
TOP OF THE 5TH |
Kingsport Mets batting - Pitching for San Diego (APP) Padres : LHP Cory Watson
|
Batting: RHB Artyom Shavkunov
|
0-0: Ball 1-0: Ball 2-0: Ball 3-0: Called Strike 3-1: Base on Balls
|
Batting: SHB Tyler Maddux
|
0-0: Ball 1-0: Called Strike 1-1: Called Strike 1-2: SINGLE (Line Drive, 5D, EV 93.8 MPH) Artyom Shavkunov to second
|
Batting: SHB Nick Daigle
|
0-0: Ball 1-0: Swinging Strike 1-1: Foul Ball, location: 2F 1-2: Ball 2-2: Strikes out swinging
|
Batting: RHB Bill Crogan
|
0-0: Called Strike 0-1: SINGLE (Groundball, 6S, EV 70.0 MPH) (infield hit) Artyom Shavkunov to third Tyler Maddux to second
|
Batting: RHB Sam Callahan
|
0-0: Called Strike 0-1: Swinging Strike 0-2: Foul Ball, location: 2F 0-2: Foul Ball, location: 2F 0-2: Fly out, F8 (Flyball, 8LD, EV 93.1 MPH)
|
Pitching: RHP Tim bin Fadi
|
|
Batting: RHB Chris Artz
|
0-0: Ball 1-0: Called Strike 1-1: Called Strike 1-2: Foul Ball, location: 2F 1-2: Ball 2-2: Strikes out swinging
|
Top of the 5th over - 0 runs, 2 hits, 0 errors, 3 left on base; Kingsport 4 - San Diego (APP) 5 |
BOTTOM OF THE 5TH |
San Diego (APP) Padres batting - Pitching for Kingsport Mets : RHP Ruben Lozano
|
Batting: RHB Yuusei Narita
|
0-0: Called Strike 0-1: Ball 1-1: Foul Ball, location: 2F 1-2: Foul Ball, location: 2F 1-2: Ground out 6-3 (Groundball, 6S, EV 91.2 MPH)
|
Batting: RHB Devon Dill
|
0-0: Ball 1-0: Ball 2-0: Fly out, F8 (Flyball, 8LM, EV 80.6 MPH)
|
Batting: LHB Justin Daley
|
0-0: Ball 1-0: Ball 2-0: Called Strike 2-1: Ground out 5-3 (Groundball, 5L, EV 81.2 MPH)
|
Bottom of the 5th over - 0 runs, 0 hits, 0 errors, 0 left on base; Kingsport 4 - San Diego (APP) 5 |
TOP OF THE 6TH |
Kingsport Mets batting - Pitching for San Diego (APP) Padres : RHP Tim bin Fadi
|
Batting: SHB Adonis Jones
|
0-0: Called Strike 0-1: SINGLE (Flyball, 4MD, EV 98.1 MPH)
|
Batting: SHB Josh Thomson
|
0-0: Ball 1-0: Ball 2-0: Called Strike 2-1: Foul Ball, location: 2F 2-2: Foul Ball, location: 2F 2-2: Foul Ball, location: 2F 2-2: Strikes out swinging
|
Batting: RHB Enrique Aguirre
|
0-0: Ball Adonis Jones is caught stealing 2nd base 2-4 1-0: Called Strike 1-1: Called Strike 1-2: Strikes out swinging
|
Top of the 6th over - 0 runs, 1 hit, 0 errors, 0 left on base; Kingsport 4 - San Diego (APP) 5 |
BOTTOM OF THE 6TH |
San Diego (APP) Padres batting - Pitching for Kingsport Mets : RHP Ruben Lozano
|
Batting: RHB Alex Collazo
|
0-0: Called Strike 0-1: Foul Ball, location: 2F 0-2: Foul Ball, location: 2F 0-2: Ball 1-2: Ball 2-2: Strikes out swinging
|
Batting: LHB Dean Luttman
|
0-0: Ball 1-0: Swinging Strike 1-1: Foul Ball, location: 2F 1-2: Strikes out looking
|
Pitching: RHP Emanuel Anochondo
|
|
Batting: RHB Kevin Davis
|
0-0: Foul Ball, location: 2F 0-1: Foul Ball, location: 2F 0-2: Foul Ball, location: 2F 0-2: Ball 1-2: Ball 2-2: Ball 3-2: Foul Ball, location: 2F 3-2: Foul Ball, location: 2F 3-2: Foul Ball, location: 2F 3-2: Foul Ball, location: 2F 3-2: Foul Ball, location: 2F 3-2: Strikes out swinging
|
Bottom of the 6th over - 0 runs, 0 hits, 0 errors, 0 left on base; Kingsport 4 - San Diego (APP) 5 |
TOP OF THE 7TH |
Kingsport Mets batting - Pitching for San Diego (APP) Padres : RHP Tim bin Fadi
|
Batting: RHB Artyom Shavkunov
|
0-0: Ball 1-0: DOUBLE (Flyball, 8RD, EV 108.1 MPH)
|
Pitching: RHP Russell MacKay
|
|
Batting: SHB Tyler Maddux
|
0-0: Called Strike 0-1: Ball 1-1: Ball 2-1: Foul Ball, location: 2F 2-2: Foul Ball, location: 2F 2-2: Strikes out swinging
|
Batting: SHB Nick Daigle
|
0-0: Ground out 4-3 (Groundball, 4, EV 106.9 MPH) Artyom Shavkunov to third
|
Batting: RHB Bill Crogan
|
0-0: Ball 1-0: Called Strike 1-1: Swinging Strike 1-2: Ball 2-2: Ball 3-2: Strikes out looking
|
Top of the 7th over - 0 runs, 1 hit, 0 errors, 1 left on base; Kingsport 4 - San Diego (APP) 5 |
BOTTOM OF THE 7TH |
San Diego (APP) Padres batting - Pitching for Kingsport Mets : RHP Emanuel Anochondo
|
Batting: SHB Yu-hsui Lew
|
0-0: Ball 1-0: Swinging Strike 1-1: Foul Ball, location: 2F 1-2: Ground out 4-3 (Groundball, 4, EV 104.4 MPH)
|
Batting: RHB Elias Vences
|
0-0: SINGLE (Groundball, 13S, EV 70.0 MPH) (infield hit)
|
Batting: RHB Victor Contreras
|
0-0: Ball 1-0: Called Strike 1-1: Swinging Strike 1-2: Ball 2-2: Strikes out swinging
|
Batting: RHB Yuusei Narita
|
0-0: Ball 1-0: Ball 2-0: 2-RUN HOME RUN (Flyball, 78XD, EV 115.6 MPH), Distance : 431 ft
|
Batting: RHB Devon Dill
|
0-0: Ball 1-0: Ground out U3 (Groundball, 3L, EV 88.1 MPH)
|
Bottom of the 7th over - 2 runs, 2 hits, 0 errors, 0 left on base; Kingsport 4 - San Diego (APP) 7 |
TOP OF THE 8TH |
Kingsport Mets batting - Pitching for San Diego (APP) Padres : RHP Russell MacKay
|
Batting: RHB Sam Callahan
|
0-0: Ball 1-0: TRIPLE (Flyball, 8LXD, EV 103.1 MPH)
|
Batting: RHB Chris Artz
|
0-0: Ball 1-0: Fly out, F9 (Flyball, 9, EV 82.5 MPH) Runner from 3rd tags up, SCORES, throw by RF
|
Batting: SHB Adonis Jones
|
0-0: Ball 1-0: Swinging Strike 1-1: Ball 2-1: Ground out 3-1 (Groundball, 34, EV 106.9 MPH)
|
Batting: SHB Josh Thomson
|
0-0: Swinging Strike 0-1: Foul Ball, location: 2F 0-2: Foul Ball, location: 2F 0-2: Fly out, F7 (Line Drive, 7, EV 98.8 MPH)
|
Top of the 8th over - 1 run, 1 hit, 0 errors, 0 left on base; Kingsport 5 - San Diego (APP) 7 |
BOTTOM OF THE 8TH |
San Diego (APP) Padres batting - Pitching for Kingsport Mets : RHP Emanuel Anochondo
|
Pitching: LHP Tony Diaz
|
|
Batting: LHB Justin Daley
|
0-0: Ball 1-0: Foul Ball, location: 2F 1-1: SOLO HOME RUN (Flyball, 9LD, EV 90.0 MPH), Distance : 340 ft
|
Batting: RHB Alex Collazo
|
0-0: Ball 1-0: Fly out, F6 (Line Drive, 56D, EV 72.5 MPH)
|
Batting: LHB Dean Luttman
|
0-0: Fly out, F9 (Flyball, 9LD, EV 84.4 MPH)
|
Batting: RHB Kevin Davis
|
0-0: Called Strike 0-1: Ball 1-1: Fly out, F8 (Flyball, 78M, EV 78.8 MPH)
|
Bottom of the 8th over - 1 run, 1 hit, 0 errors, 0 left on base; Kingsport 5 - San Diego (APP) 8 |
TOP OF THE 9TH |
Kingsport Mets batting - Pitching for San Diego (APP) Padres : RHP Russell MacKay
|
Pitching: LHP Manny Santiago
|
|
Batting: RHB Enrique Aguirre
|
0-0: Ball 1-0: Foul Ball, location: 2F 1-1: Foul Ball, location: 2F 1-2: SINGLE (Line Drive, 7S, EV 86.2 MPH)
|
Batting: RHB Artyom Shavkunov
|
0-0: Ball 1-0: Swinging Strike 1-1: Ball 2-1: Fly out, F8 (Flyball, 8RD, EV 99.4 MPH)
|
Batting: SHB Tyler Maddux
|
0-0: Ball 1-0: Ball 2-0: Ball 3-0: Called Strike 3-1: Foul Ball, location: 2F 3-2: Fly out, F3 (Flyball, 3D, EV 90.6 MPH)
|
Batting: SHB Nick Daigle
|
0-0: Swinging Strike 0-1: Foul Ball, location: 2F 0-2: Strikes out looking
|
Top of the 9th over - 0 runs, 1 hit, 0 errors, 1 left on base; Kingsport 5 - San Diego (APP) 8 |
|